SAA
LONG ISLAND SEAWOLVES @ RICHLAND RAILS
09/01/2023
 
TOP OF THE 1ST
Long Island Seawolves batting - Pitching for Richland Rails : RHP César Toledo
Pitching: RHP César Toledo
Batting: LHB Keith Alexander 0-0: Called Strike
0-1: Ground out U3 (Groundball, 3)
Batting: RHB Rafael Canseco 0-0: Ball
1-0: Foul Ball, location: 2F
1-1: Ball
2-1: Swinging Strike
2-2: Foul Ball, location: 2F
2-2: Ball
3-2: Base on Balls
Batting: LHB Félix Fernández 0-0: Called Strike
0-1: Foul Ball, location: 2F
0-2: Ball
1-2: Strikes out swinging
Batting: RHB Miguel Rodríguez 0-0: Ball
1-0: Ball
2-0: Called Strike
2-1: Ground out 5-3 (Groundball, 5L)
Top of the 1st over - 0 run(s), 0 hit(s), 0 error(s), 1 left on base; Long Island 0 - Richland 0
BOTTOM OF THE 1ST
Richland Rails batting - Pitching for Long Island Seawolves : RHP Jim Unknown
Pitching: RHP Jim Unknown
Batting: RHB Ramón Cruz 0-0: Called Strike
0-1: DOUBLE (Line Drive, 78M)
Batting: SHB Jasper Otto 0-0: Ball
1-0: Ground out 5-3 (Groundball, 5)
Batting: RHB Andrew Hall 0-0: Foul Ball, location: 2F
0-1: Fly out, F7 (Line Drive, 7D)
Runner from 2nd tags up, SAFE at 3rd, no throw
Batting: LHB Ángel Aguilar 0-0: Ball
1-0: Ball
2-0: Foul Ball, location: 2F
2-1: Fly out, F6 (Popup, 6M)
Bottom of the 1st over - 0 run(s), 1 hit(s), 0 error(s), 1 left on base; Long Island 0 - Richland 0
TOP OF THE 2ND
Long Island Seawolves batting - Pitching for Richland Rails : RHP César Toledo
Batting: RHB Mario Rivera 0-0: Ball
1-0: Called Strike
1-1: Swinging Strike
1-2: Ball
2-2: Strikes out swinging
Batting: RHB Jim Unknown 0-0: Ball
1-0: Ball
2-0: Foul Ball, location: 2F
2-1: Ball
3-1: Base on Balls
Batting: LHB Scott Britt 0-0: Ball
1-0: Swinging Strike
1-1: Ball
2-1: Swinging Strike
2-2: Ball
3-2: Foul Ball, location: 2F
3-2: Base on Balls
Jim Unknown to second
Batting: RHB Jim Unknown 0-0: Swinging Strike
0-1: Swinging Strike
0-2: Strikes out looking
Batting: RHB David Morales 0-0: Called Strike
0-1: Swinging Strike
0-2: Ball
1-2: Ball
2-2: Foul Ball, location: 2F
2-2: Strikes out swinging
Top of the 2nd over - 0 run(s), 0 hit(s), 0 error(s), 2 left on base; Long Island 0 - Richland 0
BOTTOM OF THE 2ND
Richland Rails batting - Pitching for Long Island Seawolves : RHP Jim Unknown
Batting: RHB Jung-hwan Kwon 0-0: Called Strike
0-1: Ball
1-1: Ground out 1-3 (Groundball, 15)
Batting: LHB Randy Schlosser 0-0: Called Strike
0-1: Foul Ball, location: 2F
0-2: Strikes out swinging
Batting: RHB Ichiyo Fujii 0-0: Swinging Strike
0-1: Bunted foul
0-2: Ball
1-2: Ball
2-2: Fly out, F7 (Flyball, 78S)
Bottom of the 2nd over - 0 run(s), 0 hit(s), 0 error(s), 0 left on base; Long Island 0 - Richland 0
TOP OF THE 3RD
Long Island Seawolves batting - Pitching for Richland Rails : RHP César Toledo
Batting: LHB Keith Alexander 0-0: Ball
1-0: Called Strike
1-1: Ground out 4-3 (Groundball, 34)
Batting: RHB Rafael Canseco 0-0: SINGLE (Groundball, 23) (infield hit)
Batting: LHB Félix Fernández 0-0: Fly out, F9 (Flyball, 9M)
Batting: RHB Miguel Rodríguez 0-0: Ball
1-0: Foul Ball, location: 2F
1-1: Swinging Strike
1-2: Strikes out swinging
Top of the 3rd over - 0 run(s), 1 hit(s), 0 error(s), 1 left on base; Long Island 0 - Richland 0
BOTTOM OF THE 3RD
Richland Rails batting - Pitching for Long Island Seawolves : RHP Jim Unknown
Batting: RHB Kazu Hishida 0-0: Ball
1-0: Foul Ball, location: 2F
1-1: Called Strike
1-2: Strikes out looking
Batting: RHB Quigley Gibson 0-0: Foul Ball, location: 2F
0-1: Ball
1-1: Foul Ball, location: 2F
1-2: Strikes out looking
Batting: RHB Ramón Cruz 0-0: Foul Ball, location: 2F
0-1: Ball
1-1: Ground out 5-3 (Groundball, 5)
Bottom of the 3rd over - 0 run(s), 0 hit(s), 0 error(s), 0 left on base; Long Island 0 - Richland 0
TOP OF THE 4TH
Long Island Seawolves batting - Pitching for Richland Rails : RHP César Toledo
Batting: RHB Mario Rivera 0-0: Ball
1-0: Swinging Strike
1-1: Foul Ball, location: 2F
1-2: Strikes out swinging
Batting: RHB Jim Unknown 0-0: Ball
1-0: Ball
2-0: Ball
3-0: Called Strike
3-1: Base on Balls
Batting: LHB Scott Britt 0-0: Ball
1-0: Foul Ball, location: 2F
1-1: Ball
2-1: Foul Ball, location: 2F
2-2: Strikes out swinging
Batting: RHB Jim Unknown 0-0: Ball
1-0: Ground out 5-3 (Groundball, 5)
Top of the 4th over - 0 run(s), 0 hit(s), 0 error(s), 1 left on base; Long Island 0 - Richland 0
BOTTOM OF THE 4TH
Richland Rails batting - Pitching for Long Island Seawolves : RHP Jim Unknown
Batting: SHB Jasper Otto 0-0: Foul Ball, location: 2F
0-1: Fly out, F8 (Popup, 6MD)
Batting: RHB Andrew Hall 0-0: Called Strike
0-1: Foul Ball, location: 2F
0-2: Ball
1-2: Ball
2-2: Foul Ball, location: 2F
2-2: Ball
3-2: Base on Balls
Batting: LHB Ángel Aguilar 0-0: Ball
1-0: Foul Ball, location: 2F
1-1: Foul Ball, location: 2F
1-2: Ball
2-2: Strikes out swinging
Batting: RHB Jung-hwan Kwon 0-0: Ball
1-0: Ball
2-0: Ball
3-0: Base on Balls
Andrew Hall to second
Batting: LHB Randy Schlosser 0-0: Ball
1-0: Ground out 4-3 (Groundball, 13)
Bottom of the 4th over - 0 run(s), 0 hit(s), 0 error(s), 2 left on base; Long Island 0 - Richland 0
TOP OF THE 5TH
Long Island Seawolves batting - Pitching for Richland Rails : RHP César Toledo
Batting: RHB David Morales 0-0: Called Strike
0-1: Called Strike
0-2: Ground out 5-3 (Groundball, 56)
Pitching: RHP Rick Kennedy
Batting: LHB Keith Alexander 0-0: Ball
1-0: Foul Ball, location: 2F
1-1: Ball
2-1: Foul Ball, location: 2F
2-2: Ball
3-2: Ground out 6-3 (Groundball, 6)
Batting: RHB Rafael Canseco 0-0: Ball
1-0: Ball
2-0: Ball
3-0: Base on Balls
Batting: LHB Félix Fernández 0-0: Ball
1-0: Called Strike
1-1: Ball
2-1: Ball
3-1: Base on Balls
Rafael Canseco to second
Batting: RHB Miguel Rodríguez 0-0: Foul Ball, location: 2F
0-1: Ball
1-1: Ground out 6-3 (Groundball, 6)
Top of the 5th over - 0 run(s), 0 hit(s), 0 error(s), 2 left on base; Long Island 0 - Richland 0
BOTTOM OF THE 5TH
Richland Rails batting - Pitching for Long Island Seawolves : RHP Jim Unknown
Batting: RHB Ichiyo Fujii 0-0: Swinging Strike
0-1: Swinging Strike
0-2: Ball
1-2: Fly out, F7 (Flyball, 78M)
Batting: RHB Kazu Hishida 0-0: SINGLE (Groundball, 3D)
Batting: RHB Quigley Gibson 0-0: Called Strike
0-1: SINGLE (Line Drive, 4D)
Kazu Hishida to second
Runner from 2nd tries for 3rd, SAFE, throw made to third
Batting: RHB Ramón Cruz 0-0: Foul Ball, location: 2F
0-1: Swinging Strike
0-2: Fly out, F4 (Line Drive, 4)
0-2: Fly out, F4 (Line Drive, 4)
Batting: SHB Jasper Otto 0-0: Fly out, F7 (Flyball, 7D)
Bottom of the 5th over - 0 run(s), 2 hit(s), 0 error(s), 2 left on base; Long Island 0 - Richland 0
TOP OF THE 6TH
Long Island Seawolves batting - Pitching for Richland Rails : RHP Rick Kennedy
Batting: RHB Mario Rivera 0-0: Ball
1-0: SINGLE (Groundball, 4M)
Batting: RHB Jim Unknown 0-0: Sac Bunt - play at first, batter OUT! 2-4
Mario Rivera to second
Batting: LHB Scott Britt 0-0: Intentional Walk
Batting: RHB Jim Unknown 0-0: Called Strike
0-1: Foul Ball, location: 2F
0-2: Foul Ball, location: 2F
0-2: Strikes out looking
Batting: RHB David Morales 0-0: Ball
1-0: Fly out, F8 (Flyball, 89XD)
Top of the 6th over - 0 run(s), 1 hit(s), 0 error(s), 2 left on base; Long Island 0 - Richland 0
BOTTOM OF THE 6TH
Richland Rails batting - Pitching for Long Island Seawolves : RHP Jim Unknown
Batting: RHB Andrew Hall 0-0: Ball
1-0: Foul Ball, location: 2F
1-1: Foul Ball, location: 2F
1-2: Ball
2-2: Ball
3-2: Ground out 6-3 (Groundball, 6)
Batting: LHB Ángel Aguilar 0-0: Fly out, F7 (Flyball, 7M)
Batting: RHB Jung-hwan Kwon 0-0: Swinging Strike
0-1: SINGLE (Line Drive, 56D)
Batting: LHB Randy Schlosser 0-0: Fly out, F2 (Popup, 23F)
Bottom of the 6th over - 0 run(s), 1 hit(s), 0 error(s), 1 left on base; Long Island 0 - Richland 0
TOP OF THE 7TH
Long Island Seawolves batting - Pitching for Richland Rails : RHP Rick Kennedy
Batting: LHB Keith Alexander 0-0: SINGLE (Line Drive, 56)
Batting: RHB Rafael Canseco 0-0: Ball
Keith Alexander is caught stealing 2nd base
1-0: Ball
2-0: Ball
3-0: Called Strike
3-1: Called Strike
3-2: Foul Ball, location: 2F
3-2: Strikes out looking
Batting: LHB Félix Fernández 0-0: Ball
1-0: Foul Ball, location: 2F
1-1: Foul Ball, location: 2F
1-2: Foul Ball, location: 2F
1-2: SINGLE (Flyball, 8LS)
Batting: RHB Miguel Rodríguez 0-0: Called Strike
0-1: Foul Ball, location: 2F
0-2: Ball
1-2: Ball
2-2: Ball
3-2: SINGLE (Line Drive, 6MD)
Félix Fernández to second
Félix Fernández to third
Batting: RHB Mario Rivera 0-0: Foul Ball, location: 2F
0-1: Ball
1-1: Swinging Strike
1-2: Foul Ball, location: 2F
1-2: Ball
2-2: Foul Ball, location: 2F
2-2: Ball
3-2: Strikes out swinging
Top of the 7th over - 0 run(s), 3 hit(s), 0 error(s), 2 left on base; Long Island 0 - Richland 0
BOTTOM OF THE 7TH
Richland Rails batting - Pitching for Long Island Seawolves : RHP Jim Unknown
Pinch Hitting: LHB Jim Unknown 0-0: Ball
1-0: Ground out 4-3 (Groundball, 4)
Pinch Hitting: LHB Chris Stoltzfus 0-0: Called Strike
0-1: Foul Ball, location: 2F
0-2: Ball
1-2: Fly out, F8 (Flyball, 8LM)
Batting: RHB Quigley Gibson 0-0: Fly out, F2 (Popup, 2LF)
Bottom of the 7th over - 0 run(s), 0 hit(s), 0 error(s), 0 left on base; Long Island 0 - Richland 0
TOP OF THE 8TH
Long Island Seawolves batting - Pitching for Richland Rails : RHP Rick Kennedy
Now at 2B: Jorge Torrez
Now in RF: Chris Stoltzfus
Batting: RHB Jim Unknown 0-0: Called Strike
0-1: Ball
1-1: Foul Ball, location: 2F
1-2: Ground out 6-3 (Groundball, 6M)
Batting: LHB Scott Britt 0-0: Called Strike
0-1: Ball
1-1: Ball
2-1: Ball
3-1: Base on Balls
Pinch Hitting: RHB Mal Bussard 0-0: Called Strike
0-1: Foul Ball, location: 2F
0-2: Ball
1-2: Foul Ball, location: 2F
1-2: Foul Ball, location: 2F
1-2: Ball
2-2: Foul Ball, location: 2F
2-2: Foul Ball, location: 2F
2-2: Ball
3-2: Fly out, F8 (Flyball, 8LS)
Batting: RHB David Morales 0-0: Called Strike
0-1: Called Strike
0-2: Ball
1-2: Ball
2-2: Strikes out swinging
Top of the 8th over - 0 run(s), 0 hit(s), 0 error(s), 1 left on base; Long Island 0 - Richland 0
BOTTOM OF THE 8TH
Richland Rails batting - Pitching for Long Island Seawolves : RHP Jim Unknown
Now in LF: Fred Burt
Pinch Hitting: RHB Jack Davis 0-0: Ball
1-0: Called Strike
1-1: Ball
2-1: Fly out, F8 (Flyball, 8LXD)
Batting: SHB Jasper Otto 0-0: Fly out, F5 (Popup, 5F)
Batting: RHB Andrew Hall 0-0: Ball
1-0: Ground out 1-3 (Groundball, 13)
Bottom of the 8th over - 0 run(s), 0 hit(s), 0 error(s), 0 left on base; Long Island 0 - Richland 0
TOP OF THE 9TH
Long Island Seawolves batting - Pitching for Richland Rails : RHP Rick Kennedy
Pitching: LHP Sjaak Bonne
Now at 3B: Jack Davis
Batting: LHB Keith Alexander 0-0: Fly out, F8 (Flyball, 8RS)
Batting: RHB Rafael Canseco 0-0: Ball
1-0: Called Strike
1-1: Swinging Strike
1-2: Ball
2-2: Strikes out swinging
Pinch Hitting: RHB Jim Unknown 0-0: Ball
1-0: Called Strike
1-1: Ball
2-1: Foul Ball, location: 2F
2-2: Foul Ball, location: 2F
2-2: Ball
3-2: Strikes out swinging
Top of the 9th over - 0 run(s), 0 hit(s), 0 error(s), 0 left on base; Long Island 0 - Richland 0
BOTTOM OF THE 9TH
Richland Rails batting - Pitching for Long Island Seawolves : RHP Jim Unknown
Now at 2B: Jim Unknown
Batting: LHB Ángel Aguilar 0-0: Ball
1-0: Foul Ball, location: 2F
1-1: Ball
2-1: Fly out, F9 (Flyball, 9D)
Batting: RHB Jung-hwan Kwon 0-0: Called Strike
0-1: Fly out, F8 (Flyball, 8LM)
Batting: LHB Randy Schlosser 0-0: Ball
1-0: Ball
2-0: Swinging Strike
2-1: Ball
3-1: Called Strike
3-2: Strikes out swinging
Bottom of the 9th over - 0 run(s), 0 hit(s), 0 error(s), 0 left on base; Long Island 0 - Richland 0
TOP OF THE 10TH
Long Island Seawolves batting - Pitching for Richland Rails : LHP Sjaak Bonne
Batting: RHB Miguel Rodríguez 0-0: Called Strike
0-1: Ball
1-1: SINGLE (Groundball, 56D)
Batting: RHB Mario Rivera 0-0: Called Strike
0-1: Swinging Strike
0-2: Foul Ball, location: 2F
0-2: Ball
1-2: Strikes out swinging
Batting: RHB Jim Unknown 0-0: Called Strike
0-1: Ball
1-1: Foul Ball, location: 2F
1-2: Ball
2-2: Ball
3-2: SINGLE (Groundball, 4MD) (infield hit)
Miguel Rodríguez to second
Batting: LHB Scott Britt 0-0: Ball
1-0: SINGLE (Line Drive, 4MD)
Miguel Rodríguez to third
Jim Unknown to second
Batting: RHB Fred Burt 0-0: Ball
1-0: Fly out, F4 (Popup, 4MD)
Batting: RHB David Morales 0-0: Ball
1-0: Ball
2-0: Fly out, F2 (Popup, 2LF)
Top of the 10th over - 0 run(s), 3 hit(s), 0 error(s), 3 left on base; Long Island 0 - Richland 0
BOTTOM OF THE 10TH
Richland Rails batting - Pitching for Long Island Seawolves : RHP Jim Unknown
Batting: RHB Jorge Torrez 0-0: Fly out, F7 (Flyball, 78S)
Batting: LHB Chris Stoltzfus 0-0: Called Strike
0-1: Called Strike
0-2: Ball
1-2: Ball
2-2: Strikes out swinging
Pitching: RHP Jim Unknown
Batting: RHB Quigley Gibson 0-0: Fly out, F6 (Popup, 6)
Bottom of the 10th over - 0 run(s), 0 hit(s), 0 error(s), 0 left on base; Long Island 0 - Richland 0
TOP OF THE 11TH
Long Island Seawolves batting - Pitching for Richland Rails : LHP Sjaak Bonne
Pitching: RHP Jim Unknown
Batting: LHB Keith Alexander 0-0: Ball
1-0: Swinging Strike
1-1: Ball
2-1: SINGLE (Line Drive, 7S)
Batting: RHB Rafael Canseco 0-0: Bunted foul
0-1: Bunt missed!
0-2: Foul Ball, location: 2F
0-2: Ball
1-2: Ball
2-2: Hit by Pitch
Keith Alexander to second
Batting: RHB Jim Unknown 0-0: Ball
1-0: Swinging Strike
1-1: Ball
2-1: Foul Ball, location: 2F
2-2: Strikes out swinging
Batting: RHB Miguel Rodríguez 0-0: Ball
Wild Pitch!
Keith Alexander to third
Rafael Canseco to second
1-0: Intentional Walk
Batting: RHB Mario Rivera 0-0: Ball
1-0: Called Strike
1-1: Swinging Strike
1-2: Ball
2-2: Strikes out swinging
Batting: RHB Jim Unknown 0-0: DOUBLE (Line Drive, 7LM)
Keith Alexander scores
Rafael Canseco scores
Miguel Rodríguez to third
Runner from 3rd tries for Home, SAFE, no throw or cutoff
Pitching: RHP Jim Unknown
Batting: LHB Scott Britt 0-0: Ball
1-0: Swinging Strike
1-1: Ball
2-1: Ball
3-1: Base on Balls
Batting: RHB Fred Burt 0-0: Ball
1-0: Ball
2-0: Called Strike
2-1: Ball
3-1: Foul Ball, location: 2F
3-2: Foul Ball, location: 2F
3-2: Base on Balls
Jim Unknown to third
Scott Britt to second
Batting: RHB David Morales 0-0: Swinging Strike
0-1: SINGLE (Groundball, 56)
Jim Unknown scores
Scott Britt to third
Fred Burt to second
Runner from 3rd tries for Home, SAFE, no throw or cutoff
Batting: LHB Keith Alexander 0-0: Called Strike
0-1: Ground out 1-3 (Groundball, 25)
Top of the 11th over - 5 run(s), 3 hit(s), 0 error(s), 2 left on base; Long Island 5 - Richland 0
BOTTOM OF THE 11TH
Richland Rails batting - Pitching for Long Island Seawolves : RHP Jim Unknown
Batting: RHB Jack Davis 0-0: Foul Ball, location: 2F
0-1: Swinging Strike
0-2: Ball
1-2: Ground out 4-3 (Groundball, 4M)
Batting: SHB Jasper Otto 0-0: Ball
1-0: Ball
2-0: Swinging Strike
2-1: Ground out 6-3 (Groundball, 6)
Batting: RHB Andrew Hall 0-0: Ball
1-0: Foul Ball, location: 2F
1-1: Ball
2-1: Called Strike
2-2: Ball
3-2: Fly out, F7 (Flyball, 78M)
Bottom of the 11th over - 0 run(s), 0 hit(s), 0 error(s), 0 left on base; Long Island 5 - Richland 0
This league is powered by Out of the Park Baseball, the baseball management simulation game for PC, Mac and Linux
Friday, July 8th, 2016 - OOTP Baseball 16.9 Build 39